 Dungeon Crawl Stone Soup version 0.23.2-30-g0e89c35649 (webtiles) character file.

Game seed: 206239301444637039

41 KamiKatze the Ducker (level 3, 0/19 HPs)
             Began as a Spriggan Berserker on June 16, 2019.
             Was a Believer of Trog.
             Slain by a hobgoblin (5 damage)
             ... on level 2 of the Dungeon.
             The game lasted 00:07:03 (1612 turns).

KamiKatze the Ducker (Spriggan Berserker)           Turns: 1612, Time: 00:07:04

Health: 0/19       AC:  2    Str: 14    XL:     3   Next: 32%
Magic:  4/4        EV: 20    Int:  8    God:    Trog [**....]
Gold:   57         SH:  0    Dex: 15    Spells: 2/2 levels left

rFire    . . .     SeeInvis +   a - +0 hand axe
rCold    . . .     Gourm    .   (shield restricted)
rNeg     . . .     Faith    .   b - +0 animal skin
rPois    .         Spirit   .   (helmet restricted)
rElec    .         Reflect  .   (no cloak)
rCorr    .         Harm     .   (gloves unavailable)
MR       .....                  (boots unavailable)
Stlth    ++........             (no amulet)
HPRegen  0.06/turn              (no ring)
MPRegen  0.09/turn              (no ring)

@: very quick
A: very small, unfitting armour, see invisible, herbivore, speed 3, slow
metabolism 2
a: Berserk, Trog's Hand, Renounce Religion


You were on level 2 of the Dungeon.
You worshipped Trog.
Trog was pleased with you.
You were not hungry.

You visited 1 branch of the dungeon, and saw 3 of its levels.

You collected 57 gold pieces.

Inventory:

Hand Weapons
 a - a +0 hand axe (weapon)
 d - a +0 mace
 j - a +0 dagger
Missiles
 l - 7 stones (quivered)
 n - 19 poisoned needles
Armour
 b - a +0 animal skin (worn)
Jewellery
 f - an uncursed ring of wizardry {unknown}
 k - an uncursed amulet of regeneration {unknown}
Scrolls
 e - 2 scrolls of identify {unknown}
 g - 2 scrolls of remove curse {unknown}
 i - a scroll of amnesia {unknown}
 m - a scroll of enchant armour {unknown}
Potions
 h - 2 potions of invisibility {unknown}
Comestibles
 c - 4 rations


   Skills:
 + Level 2.6 Fighting
 * Level 2.9 Axes
 + Level 0.2 Throwing
 + Level 4.9 Dodging
 + Level 2.0 Stealth


You had 2 spell levels left.
You didn't know any spells.
Your spell library was empty.

Dungeon Overview and Level Annotations

Branches:
Dungeon (3/15)

Altars:

Annotations:
D:2 Terence


Innate Abilities, Weirdness & Mutations

You are very small and have problems with some larger weapons.
You are too small for most types of armour.
You have supernaturally acute eyesight. (SInv)
You are a herbivore.
You cover ground extremely quickly.
You need to consume almost no food.


Message History

Found 18 stones.
The goblin shouts!
The goblin closely misses you.
You hit the goblin but do no damage.
The goblin hits you with a cursed -1 club.
* * * LOW HITPOINT WARNING * * *
You hit the goblin.
You kill the goblin!
Trog accepts your kill.
Your Stealth skill increases to level 2!
You see here a cursed -1 club.
A hobgoblin comes into view.
Found a stone staircase leading down.
The hobgoblin shouts!
A jackal skeleton comes into view.
You closely miss the hobgoblin. The hobgoblin closely misses you.
You hit the hobgoblin.
The hobgoblin is moderately wounded.
The hobgoblin hits you.
You die...

#.# ###[....#
#.###...#
#.#...#.#
###...###.#
#...###
#)####...
#...#.#
#......#
#...###.#
#.########.#
######..#
##.###.......
#...##
#(...@g..Z..#
#.#.#
#......######
# ##.#.#
#.#.####
..#.#.# #.#.#
.#.#.#.#
#.#.#
.#.#.#.#
#.#.#
.#.#.#.#
#.#.#
##.#.#.#
#.##########
#.#.#.#
#...<......#


You could see a hobgoblin and a jackal skeleton.

Vanquished Creatures
  A dart slug (D:1)
  2 leopard geckos
  2 giant cockroaches (D:1)
  4 goblins
  3 hobgoblins
  6 jackals
  4 kobolds
  A ball python (D:1)
  4 bats
  4 frilled lizards (D:1)
  3 rats (D:1)
34 creatures vanquished.

Notes
Turn   | Place    | Note
-------+----------+-------------------------------------------
     0 | D:1      | KamiKatze the Spriggan Berserker began the quest for the
                  | Orb.
     0 | D:1      | Reached XP level 1. HP: 11/11 MP: 2/2
   268 | D:1      | Reached skill level 1 in Stealth
   291 | D:1      | Reached XP level 2. HP: 8/16 MP: 3/3
   606 | D:1      | Reached ** piety under Trog
  1189 | D:2      | Reached XP level 3. HP: 16/19 MP: 4/4
  1197 | D:2      | Noticed Terence
  1612 | D:2      | Slain by a hobgoblin

Skill      XL: |  1  2  3 |
---------------+----------+-----
Stealth        | 1 2 |  2.0
Fighting       | |  2.6
Axes           | |  2.9
Throwing       | |  0.2
Dodging        | |  4.9

Action                   || total
-------------------------++-------
Melee: Hand axe          ||   128
       Dagger            ||     5
Throw: Stone             ||     5
 Stab: Sleeping          ||     5
Armor: Animal skin       ||     9
Dodge: Dodged            ||   132
